 Dungeon Crawl Stone Soup version 0.22-a0-609-gfedc9ff (webtiles) character file.

1237 Hebeh the Conjurer (level 8, -2/41 HPs)
             Began as a Deep Elf Fire Elementalist on July 11, 2018.
             Was an Initiate of Vehumet.
             Slain by an orc warrior
             ... wielding a +0 trident
              (9 damage)
             ... on level 6 of the Dungeon.
             The game lasted 00:30:02 (5783 turns).

Hebeh the Conjurer (Deep Elf Fire Elementalist)     Turns: 5783, Time: 00:30:02

Health: -2/41      AC:  8    Str:  5    XL:     8   Next: 24%
Magic:  17/20      EV: 13    Int: 23    God:    Vehumet [......]
Gold:   275        SH:  0    Dex: 15    Spells: 15/21 levels left

rFire    . . .     SeeInvis +   a - +2 falchion (holy)
rCold    . . .     Gourm    .   (no shield)
rNeg     . . .     Faith    .   e - +0 robe
rPois    .         Spirit   .   u - +2 helmet {SInv}
rElec    .         Reflect  .   (no cloak)
rCorr    .         Harm     .   f - +2 pair of gloves
MR       .....                  (no boots)
Stlth    ++........             (no amulet)
HPRegen  0.13/turn              (no ring)
MPRegen  0.17/turn              (no ring)

@: no status effects
A: no striking features
a: Renounce Religion


You were on level 6 of the Dungeon.
You worshipped Vehumet.
Vehumet was noncommittal.
You were hungry.

You visited 1 branch of the dungeon, and saw 6 of its levels.

You collected 275 gold pieces.

Inventory:

Hand Weapons
 a - a +2 falchion of holy wrath (weapon)
 b - a +0 hunting sling
Missiles
 j - 126 stones (quivered)
 p - 76 sling bullets
Armour
 e - a +0 robe (worn)
 f - a +2 pair of gloves (worn)
 u - a +2 helmet of see invisible (worn)
Jewellery
 v - an uncursed ring of see invisible
 E - an uncursed ring of fire {unknown}
Wands
 w - a wand of flame (19)
 B - a wand of random effects (30)
Scrolls
 d - 3 scrolls of remove curse {unknown}
 g - 4 scrolls of teleportation {unknown}
 k - 3 scrolls of enchant weapon {unknown}
 l - a scroll of amnesia {unknown}
 m - a scroll of fear {unknown}
 n - 6 scrolls of identify {unknown}
 q - a scroll of blinking {unknown}
 r - a scroll of immolation {unknown}
 x - a scroll of enchant armour {unknown}
 y - a scroll of fog {unknown}
Potions
 h - a potion of agility {unknown}
 i - 2 potions of degeneration {unknown}
 o - 2 potions of experience {unknown}
 s - a potion of heal wounds
 t - a potion of flight {unknown}
 z - 3 potions of curing {unknown}
 A - a potion of mutation {unknown}
 C - a potion of ambrosia {unknown}
Comestibles
 c - 11 rations


   Skills:
 + Level 0.2 Fighting
 + Level 2.5 Dodging
 - Level 2.4 Stealth
 + Level 7.0 Spellcasting
 * Level 7.6 Conjurations
 * Level 6.3 Fire Magic


You had 15 spell levels left.
You knew the following spells:

 Your Spells              Type           Power        Failure   Level  Hunger
a - Flame Tongue          Conj/Fire      #####        1%          1    None
b - Throw Flame           Conj/Fire      #####.       1%          2    None
c - Conjure Flame         Conj/Fire      #####...     1%          3    None

Your spell library contained the following spells:

 Spells                   Type           Power        Failure   Level  Hunger
 Fireball                 Conj/Fire      #####.....   12%         5    #####..
 Summon Small Mammal      Summ           #...         8%          1    None
 Sticky Flame             Conj/Fire      #####...     4%          4    ###....
 Summon Ice Beast         Ice/Summ       #.......     58%         4    ###....
 Call Imp                 Summ           #.......     12%         2    None
 Call Canine Familiar     Summ           #.......     22%         3    None
 Inner Flame              Hex/Fire       ###.....     6%          3    None
 Summon Lightning Spire   Summ/Air       #.......     58%         4    ###....
 Summon Guardian Golem    Hex/Summ       #.......     22%         3    None


Dungeon Overview and Level Annotations

Branches:
Dungeon (6/15)
 Temple: D:4-7

Altars:
Cheibriados
Hepliaklqana
Kikubaaqudgha
Qazlal
Ru
Vehumet
Wu Jian
Zin
The Shining One


Message History

The bullfrog misses you.
You riposte.
You slash the bullfrog!
You kill the bullfrog!
Vehumet accepts your kill.
Casting: Flame Tongue (safe; 1% risk of failure)
Confirm with . or Enter, or press ? or * to list all spells.
Aiming: Flame Tongue (safe; 1% risk of failure)
Press: ? - help, Shift-Dir - straight line, f - orc
Aim: an orc, wielding an enchanted hand axe and wearing a chain mail The flame tongue hits the orc.
The orc is severely wounded.
The orc warrior closely misses you.
An ogre comes into view. It is wielding a giant club.
The orc wizard hits you but does no damage.
A worker ant comes into view.
The orc warrior hits you from afar with a trident!!
Ouch! That really hurt!
* * * LOW HITPOINT WARNING * * *
The ogre shouts!
The orc warrior hits you from afar with a trident!
You die...

#......#
#......#.#
#†.....#.#
##.......#
#J../...#
#oo.....#
#.ooo...#
####.Y####.#
#...@o# .#
...O......#
......###.#
...### .# ##
.. ..# .a .#


You could see an orc warrior, an ice beast, an ogre, a jelly, a worker ant
(wandering), an orc priest, an orc wizard and 3 orcs.

Vanquished Creatures
  Duvessa (D:5)
  An ice beast (D:5)
  A phantom (D:4)
  An ogre (D:4)
  A bullfrog (D:6)
  Blork the orc (D:5)
  Dowan (D:5)
  A howler monkey (D:5)
  A crimson imp (D:5)
  2 quasits (D:5)
  A hound (D:4)
  A jelly (D:5)
  An orc priest (D:4)
  4 orc wizards (D:5)
  2 iguanas
  4 worker ants
  2 hound skeletons (D:4)
  6 adders
  3 oozes
  2 adder skeletons (D:4)
  3 dart slugs
  4 leopard geckos
  12 orcs
  4 bats
  4 giant cockroaches
  8 goblins
  7 hobgoblins
  10 jackals
  2 quokkas
  A ball python (D:4)
  8 frilled lizards
  A jackal skeleton (D:5)
  7 kobolds
  A leopard gecko skeleton (D:4)
  11 rats
120 creatures vanquished.

Notes
Turn   | Place    | Note
-------+----------+-------------------------------------------
     0 | D:1      | Hebeh the Deep Elf Fire Elementalist began the quest for the Orb.
     0 | D:1      | Reached XP level 1. HP: 10/10 MP: 6/6
   401 | D:1      | Reached XP level 2. HP: 15/15 MP: 4/8
  1046 | D:2      | Reached XP level 3. HP: 19/19 MP: 6/10
  1439 | D:2      | Found a snail-covered altar of Cheibriados.
  1447 | D:2      | Reached XP level 4. HP: 24/24 MP: 8/11
  2148 | D:2      | Found a glowing silver altar of Zin.
  2148 | D:2      | Found a hazy altar of Hepliaklqana.
  2312 | D:2      | Learned a level 2 spell: Throw Flame
  2316 | D:2      | Learned a level 3 spell: Conjure Flame
  2346 | D:3      | Found a sacrificial altar of Ru.
  2373 | D:3      | Found an ornate altar of the Wu Jian Council.
  2571 | D:3      | Reached XP level 5. HP: 28/28 MP: 13/13
  3337 | D:4      | Noticed a phantom
  3344 | D:4      | Killed a phantom
  3344 | D:4      | Reached skill level 5 in Spellcasting
  3344 | D:4      | Reached XP level 6. HP: 32/32 MP: 5/15
  3546 | D:4      | Reached skill level 5 in Conjurations
  3617 | D:4      | Found a stormy altar of Qazlal.
  3785 | D:4      | Reached skill level 5 in Fire Magic
  4110 | D:4      | Reached XP level 7. HP: 36/36 MP: 10/17
  4131 | D:4      | Found an ancient bone altar of Kikubaaqudgha.
  4201 | D:4      | Found a radiant altar of Vehumet.
  4202 | D:4      | Found a glowing golden altar of the Shining One.
  4208 | D:4      | Became a worshipper of Vehumet
  4243 | D:5      | Entered Level 5 of the Dungeon
  4661 | D:5      | Noticed Blork the orc
  4675 | D:5      | Killed Blork the orc
  5419 | D:5      | Reached XP level 8. HP: 23/41 MP: 12/20
  5569 | D:5      | Noticed Duvessa
  5571 | D:5      | Noticed Dowan
  5585 | D:5      | Killed Duvessa
  5590 | D:5      | Killed Dowan
  5783 | D:6      | Slain by an orc warrior

Vault maps used:
D:1:      dpeg_arrival_another_circle, minivault_24
D:2:      lemuel_crystal_altar, gammafunk_temple_overflow_pools, first_ration,
          guppyfry_early_orc_mine
D:3:      lemuel_doored_altar, nicolae_overflow_crystal_walls
D:4:      kennysheep_little_box, lemuel_coloured_pillars_altar,
          gammafunk_temple_overflow_statue
D:5:      hangedman_decor_slide_cut, uniq_blork_the_orc, uniq_duvessa
D:6:      minmay_temple_entry_overgrown, serial_curves, eino_curves_04,
          eino_curves_04, minmay_misc_feat_encased, uniq_edmund, uniq_eustachio

Skill      XL: |  1  2  3  4  5  6  7  8 |
---------------+-------------------------+-----
Conjurations   | 2 3 4 5 7 |  7.6
Spellcasting   | 4 5 6 7 |  7.0
Fire Magic     | 4 5 6 |  6.3
Fighting       | |  0.2
Dodging        | |  2.5
Stealth        | |  2.4

Action                   |  1- 3 |  4- 6 |  7- 9 || total
-------------------------+-------+-------+-------++-------
Melee: Dagger            |    15 |       |       ||    15
       Falchion          |       |       |    16 ||    16
 Fire: Hunting sling     |    21 |    83 |       ||   104
 Cast: Flame Tongue      |    60 |    90 |    77 ||   227
       Throw Flame       |       |    11 |    14 ||    25
       Conjure Flame     |       |       |     2 ||     2
  Eat: Chunk             |     1 |     9 |     4 ||    14
Armor: Robe              |    18 |    11 |    65 ||    94
Dodge: Dodged            |    41 |    22 |   120 ||   183
       Rpst.: Falchion   |       |       |    15 ||    15

Table legend:
 A = Spawn XP
 B = Non-spawn XP
 C = Spawn XP percentage of total XP
 D = Spawn monster count
 E = Non-spawn monster count
 F = Spawn count percentage of total count
 G = Total turns spent on level
                    A         B        C        D         E        F      G
               +---------+---------+-------+---------+---------+-------+---------
         Total |       0 |    1768 |   0.0 |       0 |     120 |   0.0 |  5783
               +---------+---------+-------+---------+---------+-------+---------
           D:1 |       0 |      28 |   0.0 |       0 |      17 |   0.0 |  1024
           D:2 |       0 |     140 |   0.0 |       0 |      32 |   0.0 |  1322
           D:3 |       0 |      45 |   0.0 |       0 |      22 |   0.0 |   775
           D:4 |       0 |     563 |   0.0 |       0 |      25 |   0.0 |  1420
           D:5 |       0 |     901 |   0.0 |       0 |      22 |   0.0 |  1222
           D:6 |       0 |      91 |   0.0 |       0 |       2 |   0.0 |    20
               +---------+---------+-------+---------+---------+-------+---------
